Map: Abyssal Reef LE

Players

Nolimit - Winner!

  • Race: Zerg Zerg
  • League: Master
  • Spawn Location: 5:00

Railgan

  • Race: Zerg Zerg
  • League: Grandmaster
  • Spawn Location: 11:00

VOD

Have the link to the VOD?

Description

Time

  • Played on: March 24, 2017, 1:54 p.m.
  • Length: 12:59
Show
View Real Time Build Order
Export as new Build Order

Nolimit Zerg - Winner!

Build Orders: Hatch First, Lurkers 

Get SALT Encoding   

  12  0:00  Drone  
  13  0:13  Overlord  
  13  0:18  Drone  
  14  0:31  Drone x2  
  16  0:36  Drone  
  17  0:53  Hatchery  
  16  1:06  Spawning Pool  
  16  1:08  Drone  
  16  1:12  Drone  
  16  1:16  Drone  
  18  1:22  Overlord  
  18  1:53  Spine Crawler, Zergling x2  
  18  1:54  Spine Crawler, Zergling x4  
  19  1:55  Queen  
  21  2:05  Zergling x2  
  22  2:10  Queen  
  24  2:21  Zergling x2  
  18  2:38  Drone  
  18  2:39  Drone x2  
  21  2:50  Drone  
  21  2:51  Drone  
  23  2:57  Spine Crawler  
  23  3:05  Drone x2  
  24  3:13  Queen  
  24  3:19  Drone  
  28  3:20  Drone x2  
  28  3:22  Drone  
  29  3:43  Drone x2  
  29  3:44  Drone x4  
  35  3:51  Overlord  
  35  4:00  Overlord  
  34  4:04  Extractor x2  
  34  4:08  Drone x2  
  34  4:09  Drone  
  35  4:18  Drone  
  36  4:25  Drone x2  
  36  4:27  Queen  
  40  4:32  Extractor  
  40  4:33  Drone x2  
  41  4:38  Drone  
  41  4:39  Drone x2  
  41  4:42  Drone  
  45  4:46  Lair  
  45  4:50  Drone  
  46  4:55  Extractor  
  45  5:00  Drone x4  
  45  5:05  Drone  
  50  5:12  Drone, Overlord  
  51  5:29  Overlord  
  51  5:30  Drone x5  
  51  5:31  Metabolic Boost  
  56  5:42  Drone  
  57  5:52  Spire  
  57  5:56  Hatchery  
  55  6:04  Drone x2  
  55  6:05  Baneling Nest  
  56  6:13  Overlord  
  56  6:15  Zergling x16  
  64  6:19  Zergling x4  
  64  6:20  Zergling x2  
  67  6:27  Overlord  
  67  6:39  Zergling x6  
  70  6:48  Overlord  
  68  7:09  Mutalisk  
  68  7:10  Mutalisk x5  
  68  7:14  Zerg Flyer Weapons Level 1  
  68  7:15  Mutalisk  
  81  7:18  Mutalisk x3  
  81  7:20  Mutalisk  
  81  7:22  Drone  
  90  7:34  Mutalisk  
  91  7:47  Mutalisk x2  
  91  7:50  Zergling x18  
  93  7:56  Mutalisk  
  93  8:00  Zergling x2  
  93  8:01  Zergling x6  
  93  8:03  Extractor  
  96  8:09  Overlord  
  96  8:10  Drone x2  
  98  8:17  Extractor  
  97  8:20  Roach Warren, Evolution Chamber  
  97  8:22  Drone x3  
  96  8:41  Drone x12  
  105  8:49  Overlord x3  
  105  8:50  Overseer x2  
  105  8:54  Zerg Missile Weapons Level 1  
  105  8:58  Hydralisk Den  
  103  9:11  Mutalisk x5  
  111  9:19  Baneling  
  111  9:20  Baneling x2  
  111  9:23  Drone x4  
  111  9:24  Drone  
  116  9:26  Overlord x2  
  116  9:29  Glial Reconstitution  
  116  9:31  Lurker Den  
  116  9:32  Hatchery  
  112  9:40  Roach  
  112  9:41  Roach x3  
  120  9:48  Roach x4  
  128  9:56  Overlord  
  128  9:57  Roach x2  
  128  9:58  Roach  
  136  10:00  Roach x2  
  118  10:20  Roach x10  
  128  10:32  Roach  
  128  10:33  Roach x6  
  138  10:38  Overlord  
  138  10:39  Hydralisk x2  
  138  10:40  Hydralisk  
  144  10:47  Drone  
  144  10:48  Drone x2  
  144  10:49  Drone  
  148  10:55  Overlord x3  
  148  10:56  Extractor  
  147  11:00  Extractor  
  146  11:10  Hydralisk  
  146  11:11  Hydralisk x2  
  148  11:13  Overlord x2  
  152  11:20  Lurker x3  
  155  11:27  Hydralisk x5  
  155  11:30  Drone x3  
  168  11:43  Hydralisk x3  
  168  11:46  Roach x5  
  180  11:54  Lurker x3  
  181  12:00  Ravager x2  
  185  12:06  Overlord x2  
  185  12:07  Overseer  
  183  12:17  Evolution Chamber, Lurker  
  183  12:18  Lurker  
  183  12:19  Overlord x2  
  184  12:23  Baneling  
  184  12:24  Baneling x3  
  184  12:25  Roach  
  184  12:26  Roach x7  
  187  12:38  Roach  
  187  12:39  Roach x8  
Show
View Real Time Build Order
Export as new Build Order

Railgan Zerg 

Build Orders: Pool First 

Get SALT Encoding   

  12  0:20  Spawning Pool  
  11  0:21  Drone  
  11  0:26  Drone  
  13  0:31  Drone  
  14  0:38  Extractor  
  13  0:42  Overlord  
  13  1:06  Queen  
  13  1:07  Zergling x4  
  13  1:09  Zergling x2  
  18  1:18  Zergling x2  
  19  1:28  Zergling x2  
  20  1:39  Metabolic Boost  
  20  1:42  Zergling x2  
  21  1:50  Zergling x2  
  22  2:01  Overlord  
  22  2:02  Baneling Nest  
  21  2:11  Drone  
  22  2:29  Zergling x2  
  22  2:34  Drone x2  
  22  2:38  Zergling x2  
  23  2:47  Baneling x4  
  23  2:48  Zergling x2  
  24  3:09  Hatchery  
  23  3:14  Drone  
  23  3:18  Drone  
  25  3:20  Drone  
  26  3:28  Overlord  
  26  3:33  Drone  
  24  3:47  Drone  
  24  3:51  Drone x2  
  24  3:54  Drone  
  26  4:03  Drone  
  26  4:07  Drone x3  
  30  4:20  Hatchery  
  30  4:22  Drone  
  30  4:25  Drone  
  31  4:33  Queen  
  31  4:36  Drone  
  34  4:38  Drone  
  34  4:42  Drone  
  34  4:44  Drone  
  37  4:48  Overlord  
  37  4:50  Drone  
  38  4:53  Drone  
  38  4:55  Drone  
  38  4:57  Drone  
  41  5:01  Drone  
  41  5:02  Drone  
  41  5:04  Drone  
  44  5:08  Drone  
  45  5:16  Roach Warren, Lair  
  44  5:22  Drone x2  
  44  5:23  Evolution Chamber  
  44  5:24  Zergling x2  
  44  5:28  Extractor  
  45  5:30  Extractor, Overlord  
  43  5:37  Drone  
  43  5:38  Drone  
  43  5:41  Drone x2  
  47  5:43  Queen  
  47  5:44  Drone  
  47  5:45  Drone  
  47  5:48  Drone  
  52  5:50  Drone  
  52  5:53  Overlord  
  53  5:58  Drone  
  53  6:02  Zerg Missile Weapons Level 1  
  54  6:04  Overlord  
  54  6:10  Drone x3  
  57  6:11  Overlord  
  57  6:15  Overseer  
  57  6:16  Extractor  
  57  6:17  Glial Reconstitution  
  56  6:21  Roach x3  
  62  6:27  Drone x4  
  62  6:30  Roach  
  68  6:33  Roach x2  
  68  6:36  Roach  
  74  6:40  Baneling x2  
  74  6:41  Roach  
  74  6:44  Overlord  
  74  6:46  Drone  
  77  6:49  Roach x2  
  81  6:55  Overlord  
  81  6:56  Infestation Pit  
  75  7:09  Drone  
  75  7:10  Drone x6  
  75  7:14  Overlord  
  82  7:21  Spore Crawler  
  82  7:22  Evolution Chamber  
  80  7:23  Spore Crawler  
  80  7:25  Drone x4  
  80  7:27  Spore Crawler  
  80  7:29  Burrow, Spore Crawler  
  81  7:31  Queen  
  81  7:33  Extractor x2  
  67  7:45  Drone x2  
  67  7:46  Drone x3  
  67  7:47  Drone  
  67  7:49  Drone x3  
  74  7:53  Drone x2  
  74  7:55  Drone  
  74  7:58  Drone x2  
  76  8:05  Ravager  
  73  8:11  Queen  
  74  8:16  Zerg Missile Weapons Level 2  
  74  8:24  Zerg Ground Armor Level 1  
  74  8:28  Overlord x2  
  74  8:30  Pathogen Glands  
  72  8:37  Roach x2  
  76  8:43  Overlord  
  76  8:49  Queen x2  
  80  8:59  Infestor x2  
  80  9:02  Infestor  
  86  9:20  Ravager x2  
  88  9:25  Zergling x6  
  88  9:26  Zergling x12  
  89  9:39  Drone x2  
  89  9:40  Hatchery  
  90  9:54  Ravager x2  
  90  9:55  Ravager x3  
  90  9:57  Roach  
  90  9:58  Overlord, Roach  
  99  10:00  Overlord x2  
  99  10:03  Baneling  
  95  10:16  Drone  
  95  10:18  Roach x3  
  95  10:19  Roach  
  95  10:20  Queen x2  
  94  10:30  Drone  
  94  10:31  Drone x4  
  96  10:38  Infestor x2  
  100  10:45  Roach  
  102  10:53  Roach x2  
  102  10:55  Queen  
  108  11:02  Spore Crawler  
  108  11:03  Roach x2  
  111  11:07  Roach  
  111  11:08  Roach  
  115  11:12  Extractor, Roach  
  115  11:13  Extractor  
  115  11:18  Roach  
  117  11:20  Roach x2  
  118  11:27  Infestor  
  120  11:42  Drone x9  
  129  11:48  Drone  
  129  11:49  Overlord  
  129  11:53  Overlord x2  
  127  11:56  Overlord  
  127  11:57  Overlord  
  127  12:00  Overlord  
  127  12:07  Roach  
  127  12:08  Roach x2  
  133  12:12  Ravager x5  
  138  12:16  Roach x4  
  138  12:18  Drone  
  147  12:25  Hatchery  
  147  12:28  Overlord  
Tags
 
Composition
Lurkers
Matchup
ZvZ
Player
Railgan
Race
Zerg
Replay Pack
Railgan Replays
Spawn Locations
Cross Positions
Add a new tag
Caveats
  • Supply blocks, unpowered buildings, or Contaminate may cause inaccurate times.
  • Supply counts are checked every 10 seconds.